 Dungeon Crawl Stone Soup version 0.20.1-1-g8b1a95d (console) character file.

13768 Kloppie the Severer (level 11, -19/97 HPs)
             Began as a Minotaur Fighter on July 14, 2017.
             Was a High Priest of Makhleb.
             Demolished by a very large slime creature (45 damage)
             ... on level 12 of the Dungeon.
             The game lasted 00:14:43 (10329 turns).

Kloppie the Severer (Minotaur Fighter)             Turns: 10329, Time: 00:14:43

Health: -19/97     AC: 24    Str: 30    XL:     11   Next: 79%
Magic:  10/10      EV:  8    Int:  5    God:    Makhleb [*****.]
Gold:   793        SH: 13    Dex:  9    Spells: 10/10 levels left

rFire    + . .     SeeInvis .   a - +0 war axe (chop)
rCold    + + .     Gourm    .   c - +0 shield
rNeg     . . .     Faith    .   I - +2 chain mail {rC+}
rPois    .         Spirit   .   M - +2 hat
rElec    .         Reflect  .   v - +0 cloak
rCorr    .         Harm     .   S - +2 pair of gloves
MR       .....                  s - +2 pair of boots
Stlth    ..........             G - amulet of rage
Regen    0.3/turn               E - ring of protection from fire
MPRegen  0.2/turn               L - ring of protection from cold

@: mighty
A: retaliatory headbutt, horns 2
a: Minor Destruction, Lesser Servant of Makhleb, Major Destruction, Greater
Servant of Makhleb, Renounce Religion, Evoke Berserk Rage


You were on level 12 of the Dungeon.
You worshipped Makhleb.
Makhleb was extremely pleased with you.
You were not hungry.

You visited 2 branches of the dungeon, and saw 13 of its levels.

You collected 793 gold pieces.

Inventory:

Hand Weapons
 a - a +0 war axe of chopping (weapon)
 b - the +6 mace of True Grit {drain, Dex+4}
   (You found it on level 5 of the Dungeon)

   A truly terrible weapon, it drains the life of those it strikes.
   It affects your dexterity (+4).
 y - a +2 war axe
 H - a +2 flail of crushing
Armour
 c - a +0 shield (worn)
 s - a +2 pair of boots (worn)
 v - a +0 cloak (worn)
 I - a +2 chain mail of cold resistance (worn)
 M - a +2 hat (worn)
 S - a +2 pair of gloves (worn)
Jewellery
 l - a +3 ring of strength
 n - an uncursed ring of resist corrosion
 E - a ring of protection from fire (left hand)
 G - an amulet of rage (around neck)
 L - a ring of protection from cold (right hand)
 Q - an uncursed ring of flight
Wands
 C - a wand of flame (48/48)
 D - a wand of iceblast (10/15)
 K - a wand of enslavement (15/24)
 N - a wand of paralysis (14/24)
 O - a wand of flame (16/48)
Scrolls
 e - a scroll of identify
 g - a scroll of fog
 m - 7 scrolls of remove curse
 q - 2 scrolls of enchant weapon
 r - 4 scrolls of teleportation
 t - 3 scrolls of recharging
Potions
 d - 3 potions of might
 i - a potion of ambrosia
 j - 2 potions of haste
 k - a potion of invisibility
 p - 4 potions of resistance
 u - 4 potions of flight
 w - a potion of heal wounds
 J - 3 potions of curing
 P - a potion of lignification
 R - a potion of magic {unknown}
Books
 A - a book of Air

   Spells                             Type                      Level
   a - Shock                          Conjuration/Air              1
   b - Swiftness                      Charms/Air                   2
   c - Static Discharge               Conjuration/Air              3
   d - Airstrike                      Air                          4
   e - Lightning Bolt                 Conjuration/Air              5
 F - a book of Callings

   Spells                             Type                      Level
   a - Summon Small Mammal            Summoning                    1
   b - Call Imp                       Summoning                    2
   c - Call Canine Familiar           Summoning                    3
   d - Summon Guardian Golem          Hexes/Summoning              3
   e - Summon Lightning Spire         Summoning/Air                4
   f - Summon Ice Beast               Ice/Summoning                4
Comestibles
 f - 12 bread rations
 o - 4 royal jellies
 x - 8 chunks of flesh
 z - 6 meat rations
 B - 4 fruits


   Skills:
 - Level 9.0 Fighting
 + Level 15.5 Axes
 - Level 10.2 Armour
 + Level 10.8 Shields


You had 10 spell levels left.
You didn't know any spells.

Dungeon Overview and Level Annotations

Branches:
Dungeon (12/15)            Temple (1/1) D:4            Lair (0/6) D:8
    Orc (0/2) D:12

Altars:
Ashenzari
Cheibriados
Dithmenos
Elyvilon
Fedhas
Gozag
Hepliaklqana
Kikubaaqudgha
Makhleb
Nemelex Xobeh
Okawaru
Qazlal
Ru
Sif Muna
Trog
Uskayaw
Vehumet
Xom
Yredelemnul
Zin
The Shining One

Shops:
D:11 =


Innate Abilities, Weirdness & Mutations

You reflexively headbutt those who attack you in melee.
You have a pair of horns on your head.


Message History

The very large slime creature is heavily wounded.
You hit the large slime creature. The large slime creature hits you!!
* * * LOW HITPOINT WARNING * * *
The very large slime creature hits you.
* * * LOW HITPOINT WARNING * * *
You slice the very large slime creature!!
The very large slime creature is severely wounded.
You slash the large slime creature! You slice the vampire mosquito!!
You destroy the vampire mosquito!
Makhleb accepts your kill.
You feel better. The large slime creature hits you.
* * * LOW HITPOINT WARNING * * *
You barely miss the very large slime creature.
The very large slime creature is severely wounded.
You hit the large slime creature. The very large slime creature hits you!
* * * LOW HITPOINT WARNING * * *
You feel much better. The large slime creature hits you.
* * * LOW HITPOINT WARNING * * *
The very large slime creature hits you!!!
You die...

## ####.# .. # # .#.
#.# ..# ### #.# .
..# ..# #.# .. #.#
..##.# #######†####
#....####.# .>...#
#......J@..#
#.......#.# ....<#
##)#####J##.#
#..#.##.#.#
....####...####.##.#
#..#.##...#
..............).##.#
#..........
..######...#######.#
#.##.##..## ### ##
#.# #.##.##..#
######.####........#
#...........##.###.#
#.####.).......# #.#


You could see a very large slime creature and a large slime creature.

Vanquished Creatures
  5 two-headed ogres
  Urug (D:10)
  Nergalle (D:10)
  An ugly thing (D:11)
  2 cyclopes (D:12)
  A manticore (D:12)
  A gargoyle (D:12)
  A troll (D:12)
  A hippogriff (D:11)
  A slime creature (D:12)
  A spriggan (D:7)
  A basilisk (D:8)
  A vampire mosquito (D:12)
  2 orc warriors
  4 porcupines (D:8)
  3 ice beasts
  6 black bears
  2 sky beasts
  6 ogres
  4 crocodiles
  7 centaurs
  3 big kobolds
  2 gnoll sergeants
  6 bullfrogs
  A scorpion (D:12)
  9 killer bees (D:10)
  8 wights
  4 electric eels (D:6)
  2 crimson imps
  4 jellies
  A centaur zombie (D:8)
  5 orc priests
  A bullfrog zombie (D:12)
  6 hounds
  3 centaur skeletons
  8 orc wizards
  A bullfrog skeleton (D:6)
  5 iguanas
  6 worker ants
  A hound zombie (D:9)
  3 hound skeletons
  A howler monkey skeleton (D:5)
  16 adders
  24 gnolls
  A shadow imp (D:7)
  An ooze (D:1)
  4 adder skeletons
  2 worms
  3 dart slugs
  5 leopard geckos
  37 orcs
  9 bats
  5 giant cockroaches
  29 goblins
  23 hobgoblins
  4 jackals (D:3)
  27 kobolds
  4 quokkas
  3 frilled lizards
  A leopard gecko skeleton (D:4)
  15 rats
  A plant (D:8)
346 creatures vanquished.

Vanquished Creatures (others)
  A hound (D:8)
  An orc wizard (D:8)
  An orc (D:8)
  A fungus (D:8)
  A plant (D:8)
5 creatures vanquished.

Grand Total: 351 creatures vanquished

Notes
Turn   | Place    | Note
-------+----------+-------------------------------------------
     0 | D:1      | Kloppie the Minotaur Fighter began the quest for the Orb.
     0 | D:1      | Reached XP level 1. HP: 19/19 MP: 0/0
    17 | D:1      | Reached skill level 3 in Axes
    52 | D:1      | Reached XP level 2. HP: 23/26 MP: 1/1
   828 | D:2      | Reached skill level 4 in Axes
   832 | D:2      | Reached XP level 3. HP: 17/31 MP: 2/2
  1273 | D:2      | Reached XP level 4. HP: 39/39 MP: 3/3
  1848 | D:3      | Noticed a gnoll sergeant
  1962 | D:3      | Reached skill level 5 in Axes
  1971 | D:2      | Killed a gnoll sergeant
  1971 | D:2      | Reached skill level 5 in Armour
  1971 | D:2      | Reached XP level 5. HP: 35/45 MP: 4/4
  2671 | D:4      | Reached skill level 6 in Axes
  2671 | D:4      | Reached XP level 6. HP: 51/51 MP: 5/5
  2743 | D:4      | Found a sacrificial altar of Ru.
  2842 | D:4      | Found a staircase to the Ecumenical Temple.
  2857 | Temple   | Entered the Ecumenical Temple
  3014 | Temple   | Became a worshipper of Makhleb the Destroyer
  3708 | D:5      | Entered Level 5 of the Dungeon
  3902 | D:5      | Got a transparent mace
  3912 | D:5      | Identified the +6 mace of True Grit {drain, Dex+4} (You found it on level 5 of the Dungeon)
  4012 | D:5      | Reached skill level 7 in Axes
  4012 | D:5      | Reached XP level 7. HP: 43/57 MP: 6/6
  4040 | D:5      | Found a glowing golden altar of the Shining One.
  4412 | D:6      | Reached skill level 8 in Axes
  4926 | D:6      | Reached XP level 8. HP: 43/67 MP: 7/7
  4928 | D:6      | Reached skill level 5 in Fighting
  5282 | D:6      | Reached * piety under Makhleb
  5312 | D:6      | Reached skill level 9 in Axes
  5480 | D:6      | Reached ** piety under Makhleb
  6106 | D:7      | Reached skill level 10 in Axes
  6106 | D:7      | Reached skill level 5 in Shields
  6411 | D:7      | Found a radiant altar of Vehumet.
  6452 | D:7      | Reached XP level 9. HP: 77/78 MP: 8/8
  6545 | D:7      | Reached *** piety under Makhleb
  6681 | D:7      | Reached skill level 11 in Axes
  7103 | D:8      | Found a staircase to the Lair.
  7127 | D:8      | Reached skill level 12 in Axes
  7154 | D:8      | Reached XP level 10. HP: 67/84 MP: 9/9
  7356 | D:8      | Reached **** piety under Makhleb
  7522 | D:9      | Found a glowing silver altar of Zin.
  7559 | D:9      | Noticed a two-headed ogre
  7771 | D:9      | Killed a two-headed ogre
  7771 | D:9      | Reached skill level 13 in Axes
  8087 | D:10     | Entered Level 10 of the Dungeon
  8108 | D:10     | Noticed Urug
  8123 | D:10     | Killed Urug
  8306 | D:10     | Noticed Nergalle
  8314 | D:10     | Killed Nergalle
  8314 | D:10     | Reached skill level 10 in Armour
  9113 | D:11     | Noticed a cyan ugly thing
  9122 | D:11     | Killed a cyan ugly thing
  9122 | D:11     | Reached skill level 14 in Axes
  9122 | D:11     | Reached XP level 11. HP: 92/92 MP: 10/10
  9157 | D:11     | Noticed a two-headed ogre
  9170 | D:11     | Killed a two-headed ogre
  9402 | D:11     | Reached ***** piety under Makhleb
  9709 | D:11     | Noticed a two-headed ogre
  9716 | D:11     | Killed a two-headed ogre
  9727 | D:11     | Found Dekh's Jewellery Emporium.
  9816 | D:12     | Noticed a two-headed ogre
  9826 | D:12     | Killed a two-headed ogre
  9844 | D:12     | Noticed a two-headed ogre
  9851 | D:12     | Killed a two-headed ogre
  9851 | D:12     | Reached skill level 15 in Axes
  9889 | D:12     | Reached skill level 10 in Shields
 10161 | D:12     | Found a staircase to the Orcish Mines.
 10329 | D:12     | Demolished by a very large slime creature

Skill      XL: |  1  2  3  4  5  6  7  8  9 10 11 |
---------------+----------------------------------+-----
Axes           | 3 4 5 6 7 8 10 12 14 15 | 15.5
Armour         | 4 5 7 10 | 10.2
Fighting       | 4 6 7 9 |  9.0
Shields        | 5 9 10 | 10.8

Action                   |  1- 3 |  4- 6 |  7- 9 | 10-12 || total
-------------------------+-------+-------+-------+-------++-------
Melee: War axe           |    64 |   142 |   289 |   346 ||   841
       Headbutt          |     2 |    16 |    57 |    79 ||   154
  Use: Scroll            |       |    11 |     1 |    15 ||    27
       Potion            |       |       |     3 |     2 ||     5
 Stab: Paralysed         |       |     1 |       |       ||     1
  Eat: Chunk             |     1 |     9 |    10 |    11 ||    31
Armor: Scale mail        |    56 |    95 |   187 |     8 ||   346
       Chain mail        |       |       |       |    89 ||    89
       Plate armour      |       |       |       |    26 ||    26
Dodge: Dodged            |    38 |    80 |   162 |    75 ||   355
Block: Shield            |       |       |       |   174 ||   174
